 Dungeon Crawl Stone Soup version 0.17.1-3-g152610e (webtiles) character file.

13989 Charly the Martial Artist (level 12, -13/62 HPs)
             Began as a Vine Stalker Transmuter on Apr 30, 2016.
             Was a Priest of Cheibriados.
             Mangled by a cyclops (26 damage)
             ... on level 13 of the Dungeon.
             The game lasted 01:17:14 (3202 turns).

Charly the Martial Artist (Vine Stalker Transmuter) Turns: 3202, Time: 01:17:14

Health: -13/62     AC: 10    Str: 21    XL:     12   Next: 11%
Magic:  0/22       EV: 18    Int: 25    God:    Cheibriados [***...]
Gold:   447        SH:  0    Dex: 24    Spells: 7 memorised, 2 levels left

rFire  + . .     SeeInvis .       - Unarmed
rCold  . . .     Clarity  .     k - +1 leather armour {rPois}
rNeg   . . .     SustAt   .     (no shield)
rPois  +         Gourm    .     s - +2 hat
rElec  .         Spirit   +     i - +1 cloak
rCorr  .         Warding  .     l - +1 pair of gloves
rMut   .         Stasis   .     (no boots)
MR     +....                    (no amulet)
Stlth  ++........               f - ring of protection from fire
                                e - ring of wizardry

@: very slow, somewhat resistant to hostile enchantments, unstealthy
A: fangs 3, regeneration 3, magic shield, antimagic bite, no device heal 3, rot
immunity
a: Bend Time, Temporal Distortion, Renounce Religion


You were on level 13 of the Dungeon.
You worshipped Cheibriados.
Cheibriados was most pleased with you.
You were not hungry.

You visited 2 branches of the dungeon, and saw 14 of its levels.
You also visited: Ice Cave.

You collected 447 gold pieces.

Inventory:

Hand Weapons
 n - a +0 blowgun
Missiles
 o - 14 poisoned needles
 I - 42 arrows
Armour
 i - a +1 cloak (worn)
 k - a +1 leather armour of poison resistance (worn)
 l - a +1 pair of gloves (worn)
 s - a +2 hat (worn)
 v - the +1 chain mail "Doqa" {rF+ Regen+ Int+2 Stlth+}
   (You found it on level 4 of the Dungeon)

   It affects your intelligence (+2).
   It protects you from fire.
   It increases your rate of regeneration.
   It makes you more stealthy.
 z - a storm dragon hide
Magical Staves
 A - an uncursed staff of earth
Jewellery
 c - an uncursed ring of protection from cold
 e - a ring of wizardry (left hand)
 f - a ring of protection from fire (right hand)
Wands
 a - a wand of paralysis (6)
 b - a wand of disintegration (9)
 g - a wand of enslavement (0)
 j - a wand of paralysis (7)
 u - a wand of cold (6)
 y - a wand of fireball (9)
Scrolls
 t - 5 scrolls of remove curse
 B - a scroll of magic mapping
 D - 2 scrolls of enchant armour
Potions
 h - a potion of flight
 p - a potion of cancellation
 q - a potion of brilliance
 r - 4 potions of curing
Books
 x - a book of Spatial Translocations

   Spells                             Type                      Level
   a - Apportation                    Translocation                1
   b - Blink                          Translocation                2
   c - Shroud of Golubria             Charms/Translocation         2
   d - Portal Projectile              Translocation                3
   e - Teleport Other                 Translocation                3
   f - Passage of Golubria            Translocation                4
 C - a book of Unlife

   Spells                             Type                      Level
   a - Recall                         Summoning/Translocation      3
   b - Animate Dead                   Necromancy                   4
   c - Control Undead                 Necromancy                   4
   d - Cigotuvi's Embrace             Necromancy                   5
   e - Death Channel                  Necromancy                   6
   f - Simulacrum                     Ice/Necromancy               6
Miscellaneous
 w - a lamp of fire
Comestibles
 d - 3 bread rations
 m - 2 meat rations


   Skills:
 + Level 6.8 Fighting
 + Level 1.6 Armour
 + Level 6.7 Dodging
 * Level 11.9 Unarmed Combat
 - Level 6.3 Spellcasting
 - Level 3.1 Translocations
 - Level 6.4 Transmutations
 - Level 5.2 Invocations


You had 2 spell levels left.
You knew the following spells:

 Your Spells              Type           Power        Failure   Level  Hunger
a - Apportation           Tloc           ###.......   1%          1    None
b - Blink                 Tloc           N/A          1%          2    None
h - Blade Hands           Trmt           #####.....   7%          5    #####..
p - Passage of Golubria   Tloc           N/A          10%         4    ###....
s - Sticks to Snakes      Trmt           #####.....   1%          2    None
I - Ice Form              Ice/Trmt       ###.....     10%         4    ###....
S - Spider Form           Trmt/Pois      ###.......   4%          3    None


Dungeon Overview and Level Annotations

Branches:
Dungeon (13/15)            Temple (1/1) D:5
   Lair: D:8-11         Orc: D:9-12      Vaults: D:13-14

Altars:
Cheibriados
Fedhas
Nemelex Xobeh
Trog
The Shining One

Annotations:
D:11 4 exclusions


Innate Abilities, Weirdness & Mutations

You have razor-sharp teeth.
You regenerate.
When hurt, damage is shared between your health and your magic reserves.
Your bite disrupts and absorbs the magic of your enemies.
Potions and wands cannot restore your health.
You are immune to rotting.


Message History

Unknown command.
You closely miss the wyvern. Your bite misses the wyvern.
The wyvern is moderately wounded.
The wyvern bites you!
* * * LOW HITPOINT WARNING * * *
Your adder misses the ufetubus. The ufetubus hits your adder.
The ufetubus hits your adder.
Unknown command.
Adjust (i)tems, (s)pells, or (a)bilities?
Adjust which ability?
No such ability.
You warp the flow of time around you!
You feel somewhat more hungry.
You can no longer inflict damage on those overly hasty.
Cheibriados reduces the support of your attributes as your movement quickens.
A mottled dragon comes into view.
You pummel the cyclops!! You punch the cyclops!
The cyclops is severely wounded.
The ufetubus completely misses you. The ufetubus barely misses you.
The cyclops hits you!!
You die...

.§......
.##+####≈≈≈≈≈≈§§≈
..'....≈≈≈≈§§§§§≈≈
..##.#l≈≈≈§≈§§§§≈≈
....h§§D≈≈≈§≈≈≈§§≈
...C≈§§≈≈§.≈≈≈≈≈≈.
≈§#§≈≈≈≈§#..≈.....
§≈§§≈≈§§S.C5...$...
≈≈≈§≈§≈#≈§≈≈≈.##@5.#...
.§≈≈≈§§≈≈≈≈≈.(##+#.#
..§≈§≈§≈≈≈≈#..# ..
..§§§++.≈≈....# ...
...§.##....C.(+ ...
..)..##....#†.# .# ..
.....#####'#(.#...# .
....#C.............#
...†+...............


You could see a hill giant, a cyclops, a polar bear, a wyvern, a mottled dragon,
a white imp, an ufetubus and a friendly adder (burning).

Vanquished Creatures
  A frost giant (IceCv)
  A dancing weapon (D:13)
  A death yak (IceCv)
  An unseen horror (D:10)
  A molten gargoyle (D:13)
  A centaur skeleton (D:10)
  3 trolls
  11 polar bears
  2 two-headed ogres
  21 yaks
  2 hippogriffs
  A fire elemental (D:13)
  3 vampire mosquitoes (D:13)
  12 wolves (IceCv)
  A wyvern (D:13)
  A mottled dragon (D:10)
  2 black bears
  A sky beast (D:11)
  A necrophage (D:10)
  2 centaurs
  A phantom (D:13)
  2 ogres
  2 giant frogs
  A killer bee (D:10)
  3 giant frog zombies
  6 wights
  A crimson imp (D:6)
  2 jellies
  A quasit (D:10)
  An orc priest (D:4)
  3 orc wizards
  4 hounds
  A lava snake (D:13)
  5 worker ants
  A giant frog simulacrum (D:13)
  A hound zombie (D:9)
  5 adders
  A gnoll (D:1)
  13 white imps
  3 giant geckos
  10 orcs
  2 ball pythons
  2 goblins
  3 hobgoblins
  2 jackals (D:1)
  3 kobolds (D:1)
  A quokka (D:4)
  4 bats
  2 giant newts (D:1)
  3 rats
158 creatures vanquished.

Vanquished Creatures (collateral kills)
  A scorpion (D:5)
  An adder (D:5)
2 creatures vanquished.

Vanquished Creatures (others)
  A polar bear (IceCv)
1 creature vanquished.

Grand Total: 161 creatures vanquished

Notes
Turn   | Place    | Note
--------------------------------------------------------------
     0 | D:1      | Charly the Vine Stalker Transmuter began the quest for the Orb.
     0 | D:1      | Reached XP level 1. HP: 9/9 MP: 4/4
    74 | D:1      | Reached XP level 2. HP: 6/14 MP: 6/6
    82 | D:1      | wiz
    90 | D:1      | Learned a level 2 spell: Sticks to Snakes
   309 | D:2      | Reached XP level 3. HP: 10/17 MP: 4/7
   314 | D:2      | Learned a level 3 spell: Spider Form
   422 | D:2      | You fall through a shaft!
   446 | D:5      | Entered Level 5 of the Dungeon
   449 | D:5      | Noticed a scorpion
   461 | D:5      | Killed a scorpion
   461 | D:5      | Reached XP level 4. HP: 14/21 MP: 3/8
   610 | D:8      | Noticed an ogre
   732 | D:6      | Reached skill level 4 in Transmutations
   732 | D:6      | Reached XP level 5. HP: 8/25 MP: 10/10
   788 | D:6      | Learned a level 5 spell: Blade Hands
   847 | D:5      | Noticed an ogre
   864 | D:5      | Killed an ogre
   864 | D:5      | Gained mutation: You heal very quickly. [Vine Stalker growth]
   864 | D:5      | Reached XP level 6. HP: 5/29 MP: 2/12
  1079 | D:4      | Reached skill level 5 in Transmutations
  1096 | D:4      | Got a faintly humming chain mail
  1107 | D:4      | Identified the +1 chain mail "Doqa" {rF+ Regen+ Int+2 Stlth+} (You found it on level 4 of the Dungeon)
  1348 | D:5      | Found a staircase to the Ecumenical Temple.
  1357 | Temple   | Entered the Ecumenical Temple
  1382 | Temple   | Became a worshipper of Cheibriados the Contemplative
  1478 | D:8      | Killed an ogre
  1478 | D:8      | Reached XP level 7. HP: 32/32 MP: 7/14
  1580 | D:9      | Noticed a hill giant
  1628 | D:8      | Reached skill level 6 in Transmutations
  1630 | D:8      | Reached skill level 5 in Unarmed Combat
  1687 | D:8      | spatial
  1712 | D:8      | Learned a level 2 spell: Blink
  1738 | D:10     | Entered Level 10 of the Dungeon
  1739 | D:10     | 10/12
  1739 | D:10     | 32h
  1744 | D:10     | Noticed a centaur skeleton
  1820 | D:10     | Killed a centaur skeleton
  1820 | D:10     | Reached skill level 1 in Fighting
  1820 | D:10     | Gained mutation: You have razor-sharp teeth. [Vine Stalker growth]
  1820 | D:10     | Reached XP level 8. HP: 30/37 MP: 9/16
  1880 | D:11     | Noticed a two-headed ogre
  1913 | D:10     | Reached * piety under Cheibriados
  1920 | D:10     | Noticed a hippogriff
  1923 | D:10     | Noticed a troll
  1929 | D:10     | Noticed an unseen horror
  1933 | D:10     | Killed an unseen horror
  1941 | D:10     | Killed a hippogriff
  1941 | D:10     | Reached skill level 7 in Unarmed Combat
  1954 | D:10     | Reached XP level 9. HP: 31/44 MP: 13/17
  1979 | D:10     | Noticed a troll
  1988 | D:10     | Killed a troll
  2012 | D:10     | Killed a troll
  2012 | D:10     | Reached skill level 8 in Unarmed Combat
  2068 | D:10     | Noticed a yak
  2069 | D:10     | Noticed a yak
  2070 | D:10     | Noticed a yak
  2071 | D:10     | Noticed a yak
  2075 | D:10     | Killed a yak
  2085 | D:10     | Killed a yak
  2089 | D:10     | Killed a yak
  2091 | D:10     | Killed a yak
  2101 | D:10     | Reached skill level 9 in Unarmed Combat
  2151 | D:11     | Killed a two-headed ogre
  2347 | D:11     | Reached XP level 10. HP: 51/51 MP: 4/18
  2348 | D:11     | Found a frozen archway.
  2363 | D:11     | Reached ** piety under Cheibriados
  2395 | D:11     | Learned a level 4 spell: Ice Form
  2395 | D:11     | M4edhros: Hi there Charly
  2399 | D:11     | M4edhros: i just won second speedrun : )
  2399 | D:11     | Charly: hi
  2399 | D:11     | Charly: gj
  2399 | D:11     | M4edhros: thanks for inspiration
  2399 | D:11     | M4edhros: octopode necro
  2399 | D:11     | Charly: np
  2399 | D:11     | M4edhros: gl with this one
  2399 | D:11     | M4edhros: it seems fine for the moment
  2399 | D:11     | Charly: just dont beat my hs ;p
  2399 | D:11     | Charly: thanks
  2399 | D:11     | M4edhros: haha : )
  2401 | IceCv    | Entered an ice cave
  2408 | IceCv    | M4edhros: much chei piety in here
  2408 | IceCv    | M4edhros: (storm dragon hide, nice!
  2408 | IceCv    | Charly: never used it
  2408 | IceCv    | Charly: and doubt Ill use it this run
  2408 | IceCv    | M4edhros: i think that reg chain mail is better
  2408 | IceCv    | Charly: maybe Ill burn one early enchant
  2408 | IceCv    | Charly: VS has just nuff reg
  2408 | IceCv    | M4edhros: i prefer more reg than less
  2421 | IceCv    | M4edhros: and also rf
  2455 | IceCv    | Reached skill level 5 in Dodging
  2458 | IceCv    | Reached skill level 5 in Fighting
  2463 | IceCv    | Reached skill level 10 in Unarmed Combat
  2542 | IceCv    | Noticed a death yak
  2554 | IceCv    | Reached skill level 11 in Unarmed Combat
  2560 | IceCv    | Reached *** piety under Cheibriados
  2566 | IceCv    | Reached XP level 11. HP: 8/56 MP: 19/19
  2675 | IceCv    | Killed a death yak
  2745 | IceCv    | Noticed a frost giant
  2755 | IceCv    | Reached skill level 1 in Invocations
  2774 | IceCv    | Killed a frost giant
  2774 | IceCv    | Reached skill level 5 in Invocations
  2777 | IceCv    | Reached skill level 1 in Translocations
  2810 | IceCv    | Learned a level 1 spell: Apportation
  2954 | D:12     | Reached **** piety under Cheibriados
  3038 | D:12     | Reached skill level 5 in Spellcasting
  3115 | D:13     | HP: 2/58 [molten gargoyle/mace (4)]
  3139 | D:13     | Learned a level 4 spell: Passage of Golubria
  3162 | D:13     | jacquesderrida: heh
  3171 | D:13     | Noticed an enchanted long sword
  3174 | D:13     | Killed an enchanted long sword
  3174 | D:13     | Reached skill level 1 in Armour
  3174 | D:13     | Gained mutation: You regenerate. [Vine Stalker growth]
  3174 | D:13     | Reached XP level 12. HP: 12/62 MP: 7/22
  3188 | D:13     | Noticed a hill giant
  3191 | D:13     | jacquesderrida: Large Mans inc.
  3198 | D:13     | jacquesderrida: This realm belongs to the big mans
  3202 | D:13     | Mangled by a cyclops

Action                   |  1- 3 |  4- 6 |  7- 9 | 10-12 || total
-------------------------+-------+-------+-------+-------++-------
Melee: Unarmed           |    80 |   102 |   134 |   211 ||   527
 Cast: Sticks to Snakes  |     7 |     8 |     9 |    11 ||    35
       Spider Form       |       |     5 |     5 |       ||    10
       Blade Hands       |       |       |    11 |    15 ||    26
       Ice Form          |       |       |       |     3 ||     3
Invok: Temporal Distorti |       |       |       |     4 ||     4
       Slouch            |       |       |       |     1 ||     1
 Abil: End Transformatio |       |       |     1 |     1 ||     2
Evoke: Wand              |       |     3 |    10 |     5 ||    18
  Use: Scroll            |       |    11 |     7 |     4 ||    22
       Potion            |       |       |     2 |     1 ||     3
 Stab: Sleeping          |       |     1 |     1 |       ||     2
       Invisible         |       |       |     9 |       ||     9
       Paralysed         |       |       |       |     2 ||     2
  Eat: Bread ration      |       |     1 |       |       ||     1
       Meat ration       |       |       |     1 |     2 ||     3
       Pizza             |       |       |     1 |       ||     1
       Chunk             |       |       |       |     1 ||     1
